 Dungeon Crawl Stone Soup version 0.19.0-2-gae57169 (webtiles) character file.

76 dobroeutro the Skirmisher (level 4, 0/29 HPs)
             Began as a Gargoyle Fighter on Nov 6, 2016.
             Slain by Grinder (3 damage)
             ... on level 3 of the Dungeon.
             The game lasted 00:02:37 (1686 turns).

dobroeutro the Skirmisher (Gargoyle Fighter)        Turns: 1686, Time: 00:02:37

Health: 0/29       AC:  0    Str: 20    XL:     4   Next: 32%
Magic:  4/4        EV: 17    Int:  8    God:
Gold:   91         SH:  0    Dex: 10    Spells: 0 memorised, 3 levels left

rFire  . . .     SeeInvis .     (weapon currently unavailable)
rCold  . . .     Gourm    .     (armour currently unavailable)
rNeg   + . .     Faith    .     (shield currently unavailable)
rPois  ∞         Spirit   .     (helmet currently unavailable)
rElec  .         Reflect  .     (cloak currently unavailable)
rCorr  .         Harm     .     (gloves currently unavailable)
MR     .....                    (boots currently unavailable)
Stlth  +.........               (amulet currently unavailable)
                                (ring currently unavailable)
                                (ring currently unavailable)

@: porcupine-form (expiring), quick
A: negative energy resistance 1, (electricity resistance), (unbreathing),
petrification resistance, rot immunity, AC +3
a: no special abilities


You were on level 3 of the Dungeon.
You were not hungry.
You were a spiny porcupine.
You visited 1 branch of the dungeon, and saw 3 of its levels.

You collected 91 gold pieces.

Inventory:

Hand Weapons
 a - a +0 flail (melded)
Armour
 b - a +0 scale mail (melded)
 c - a +0 shield
 k - a +0 large shield (melded)
 q - a +0 helmet (melded)
Scrolls
 e - 2 scrolls of random uselessness {unknown}
 h - 2 scrolls of remove curse {unknown}
 i - a scroll of identify {unknown}
 j - a scroll of enchant armour {unknown}
 l - a scroll of amnesia {unknown}
 n - 2 scrolls of magic mapping {unknown}
 o - 3 scrolls of fog {unknown}
 s - 3 scrolls of teleportation {unknown}
Potions
 d - a potion of might
 g - 2 potions of flight {unknown}
 m - a potion of cure mutation {unknown}
 p - a potion of mutation {unknown}
Comestibles
 f - a bread ration


   Skills:
 + Level 4.0 Fighting
 * Level 3.9 Maces & Flails
 - Level 3.2 Armour
 - Level 3.2 Shields


You had 3 spell levels left.
You didn't know any spells.

Dungeon Overview and Level Annotations

Branches:
Dungeon (3/15)

Altars:

Annotations:
D:3 Grinder


Innate Abilities, Weirdness & Mutations

You are resistant to torment.
((Your stone body is resilient. (AC +3)))
You are immune to poison.
You resist negative energy. (rN+)
((You are resistant to electric shocks. (rElec)))
((You can survive without breathing.))
You are immune to petrification.
You are immune to rotting.


Message History

Grinder is lightly wounded.
Grinder gestures at you.
You suddenly lose the ability to move!
Grinder blinks!
You can move again.
Grinder is struck by your spines. Grinder completely misses you.
You hit Grinder.
Grinder is lightly wounded.
Your transformation is almost over.
Grinder barely misses you.
You closely miss Grinder.
Grinder is lightly wounded.
Grinder gestures at you. Pain shoots through your body!
You hit Grinder but do no damage.
Grinder is lightly wounded.
Grinder hits you!
* * * LOW HITPOINT WARNING * * *
You writhe in agony.
You die...

##....# ##........####.#...... .
##....####(.....[......#.....##.
......)).(......<..............
##.....###....#.((####.#.....#
##........................).#
#.#..###....##..####.#.....#
#.#..# #...............#...#
#.#..# #....#5..##.#.#.#.).####
#.#..# #....†.r.##.#.#.#.......
#..# #....#..........(...####
#....#...##.#.#.#.......
##....#...##.#.#.........
..........##.#.#.#...####
##...............#...#
##...........#.#.....#
....%...######.#.#...#
##..#.......5..........


You could see Grinder.

Vanquished Creatures
  Robin (D:3)
  A worm (D:2)
  4 leopard geckos
  5 bats
  A giant cockroach (D:2)
  16 goblins
  9 hobgoblins
  5 kobolds
  2 quokkas
  A ball python (D:2)
  A frilled lizard (D:3)
  7 rats
53 creatures vanquished.

Notes
Turn   | Place    | Note
-------+----------+-------------------------------------------
     0 | D:1      | dobroeutro the Gargoyle Fighter began the quest for the Orb.
     0 | D:1      | Reached XP level 1. HP: 14/14 MP: 1/1
    98 | D:1      | Reached XP level 2. HP: 19/19 MP: 2/2
   458 | D:2      | Reached XP level 3. HP: 23/24 MP: 3/3
  1023 | D:3      | Reached skill level 4 in Fighting
  1057 | D:3      | Noticed Robin
  1124 | D:2      | Reached XP level 4. HP: 5/29 MP: 4/4
  1395 | D:3      | Killed Robin
  1435 | D:3      | Noticed Grinder
  1435 | D:3      | Paralysed by Grinder for 5 turns
  1446 | D:3      | Paralysed by Grinder for 4 turns
  1680 | D:3      | Paralysed by Grinder for 3 turns
  1686 | D:3      | Slain by Grinder

Skill      XL: |  1  2  3 |
---------------+----------+-----
Maces & Flails | 3 |  3.9
Fighting       | 4 |  4.0
Armour         | |  3.2
Shields        | |  3.2

Action                   |  1- 3 |  4- 6 || total
-------------------------+-------+-------++-------
Melee: Flail             |   142 |    30 ||   172
       Staff             |    45 |       ||    45
       Unarmed           |       |     7 ||     7
  Eat: Chunk             |     1 |     2 ||     3
Armor: Scale mail        |   132 |    15 ||   147
Dodge: Dodged            |    55 |    13 ||    68
Block: Shield            |    42 |       ||    42
       Large shield      |   161 |    26 ||   187
